 Dungeon Crawl Stone Soup version 0.22.1-1-ga44c0e5 (webtiles) character file.

6090 Lauz the Cleaver (level 10, -2/88 HPs)
             Began as a Minotaur Berserker on Nov 5, 2018.
             Was a High Priest of Trog.
             Slain by a gnoll sergeant
             ... wielding a +1 spear of venom
              (3 damage)
             ... on level 9 of the Dungeon.
             The game lasted 00:21:23 (8863 turns).

Lauz the Cleaver (Minotaur Berserker)               Turns: 8863, Time: 00:21:24

Health: -2/88      AC:  9    Str: 25    XL:     10   Next: 58%
Magic:  9/9        EV: 17    Int:  4    God:    Trog [*****.]
Gold:   532        SH:  0    Dex: 16    Spells: 9/9 levels left

rFire    . . .     SeeInvis .   K - +4 battleaxe (freeze)
rCold    . . .     Gourm    .   (shield currently unavailable)
rNeg     . . .     Faith    .   M - +3 leather armour
rPois    .         Spirit   .   x - +0 hat
rElec    .         Reflect  .   (no cloak)
rCorr    .         Harm     .   s - +0 pair of gloves
MR       .....                  i - +0 pair of boots
Stlth    ++........             z - amulet of the acrobat
HPRegen  0.24/turn              (no ring)
MPRegen  0.11/turn              C - +6 ring of dexterity

@: lethally poisoned (-2 -> -10), berserk cooldown, slowed, very slow
A: retaliatory headbutt, horns 2
a: Berserk, Trog's Hand, Brothers in Arms, Renounce Religion


You were on level 9 of the Dungeon.
You worshipped Trog.
Trog was extremely pleased with you.
You were hungry.

You visited 1 branch of the dungeon, and saw 9 of its levels.

You collected 532 gold pieces.

Inventory:

Hand Weapons
 a - a +0 hand axe
 H - a +4 war axe
 J - a +0 blowgun
 K - a +4 battleaxe of freezing (weapon)
 O - a +1 shortbow of velocity
Missiles
 y - 5 curare-tipped needles
 A - 17 poisoned needles
 I - 7 needles of confusion
Armour
 i - a +0 pair of boots (worn)
 s - a +0 pair of gloves (worn)
 x - a +0 hat (worn)
 B - a +0 plate armour
 D - a +0 leather armour
 M - a +3 leather armour (worn)
Jewellery
 z - an amulet of the acrobat (around neck)
 C - a +6 ring of dexterity (right hand)
 F - an uncursed amulet of the acrobat
Wands
 t - a wand of clouds (5)
 w - a wand of iceblast (13)
 E - a wand of digging (12)
 L - a wand of polymorph (16)
Scrolls
 e - 2 scrolls of fog
 f - a scroll of blinking {unknown}
 h - 2 scrolls of noise {unknown}
 j - 5 scrolls of identify
 l - 3 scrolls of amnesia
 m - 3 scrolls of teleportation {unknown}
 o - a scroll of magic mapping {unknown}
 p - 2 scrolls of random uselessness {unknown}
 r - a scroll of enchant weapon {unknown}
 G - a scroll of immolation {unknown}
Potions
 b - a potion of resistance {unknown}
 g - 3 potions of agility {unknown}
 k - 5 potions of curing
 n - a potion of ambrosia {unknown}
 q - 3 potions of lignification {unknown}
 u - a potion of heal wounds {unknown}
 v - a potion of degeneration {unknown}
 N - 2 potions of invisibility {unknown}
 P - a potion of brilliance {unknown}
Comestibles
 c - 12 rations
 d - 2 chunks of flesh


   Skills:
 - Level 8.0 Fighting
 - Level 13.8 Axes
 * Level 6.7 Armour
 * Level 7.7 Dodging
 - Level 2.9 Stealth


You had 9 spell levels left.
You didn't know any spells.
Your spell library was empty.

Dungeon Overview and Level Annotations

Branches:
Dungeon (9/15)             Temple (0/1) D:6             Orc (0/2) D:9
   Lair: D:8-11

Altars:
Ashenzari
Kikubaaqudgha
Okawaru
Ru
Uskayaw
Xom

Annotations:
D:7 4 runed doors


Innate Abilities, Weirdness & Mutations

You reflexively headbutt those who attack you in melee.
You have a pair of horns on your head.


Message History

The orc warrior closely misses you. You furiously retaliate!
You headbutt the orc warrior!
The orc warrior hits you from afar with a halberd!!
You feel sick. The gnoll sergeant misses you.
You feel a strong urge to attack something.
You feel sick.
You are too berserk!
You are no longer berserk.
You are exhausted.
You feel yourself slow down.
You feel sick.
As you read the scroll labeled OSIMAG LAINT, it crumbles to dust.
The scroll dissolves into smoke.
It was a scroll of fog.
You feel sick. The troll bites you!
* * * LOW HITPOINT WARNING * * *
The troll claws you!
* * * LOW HITPOINT WARNING * * *
The troll claws you.
* * * LOW HITPOINT WARNING * * *
The gnoll sergeant hits you from afar with a spear of venom.
You die...

#######. ##########
#....... .........#
#....... .........#
###§(.....
.........####.§§#######.#
.........'....#§@Tg.....#
.........######§###§#####
.........# #§#8oo.8#
.........#


#.#ogggo# ######'### ###O.Ko.# ###....# #..o..# #...#### #8...8# ..### #######
'###### #.# You could see a troll and a gnoll sergeant.

Vanquished Creatures
  Harold (D:8)
  Psyche (D:8)
  A troll (D:9)
  A hippogriff (D:7)
  5 yaks (D:9)
  Duvessa (D:7)
  3 orc warriors
  An ice beast (D:7)
  A sky beast (D:8)
  A necrophage (D:6)
  A phantom (D:7)
  3 ogres
  3 centaurs
  3 big kobolds
  2 gnoll sergeants
  6 bullfrogs
  Dowan (D:7)
  5 scorpions
  6 killer bees (D:8)
  10 howler monkeys
  5 wights (D:7)
  2 bullfrog zombies
  3 crimson imps
  A jelly (D:8)
  An orc priest (D:6)
  A centaur skeleton (D:9)
  An iguana (D:5)
  2 orc wizards
  7 worker ants
  2 hound skeletons
  A howler monkey skeleton (D:4)
  8 adders
  6 gnolls
  9 river rats (D:7)
  A shadow imp (D:8)
  2 oozes
  2 adder skeletons (D:9)
  3 worms
  2 dart slugs
  7 leopard geckos
  12 orcs
  6 ball pythons
  10 bats
  7 giant cockroaches
  10 hobgoblins
  22 jackals
  4 quokkas
  5 frilled lizards
  8 goblins
  15 kobolds
  A leopard gecko skeleton (D:8)
  A quokka skeleton (D:9)
  14 rats
237 creatures vanquished.

Notes
Turn   | Place    | Note
-------+----------+-------------------------------------------
     0 | D:1      | Lauz the Minotaur Berserker began the quest for the Orb.
     0 | D:1      | Reached XP level 1. HP: 19/19 MP: 0/0
   318 | D:1      | Reached skill level 4 in Axes
   321 | D:1      | Reached XP level 2. HP: 27/27 MP: 1/1
   742 | D:1      | Reached XP level 3. HP: 28/33 MP: 2/2
   978 | D:2      | Reached skill level 5 in Axes
  1097 | D:2      | Reached ** piety under Trog
  1217 | D:2      | Reached XP level 4. HP: 30/41 MP: 3/3
  1734 | D:3      | Reached skill level 6 in Axes
  1864 | D:3      | Reached XP level 5. HP: 44/47 MP: 4/4
  2630 | D:4      | Reached skill level 5 in Fighting
  2693 | D:4      | Reached skill level 7 in Axes
  3074 | D:4      | Found a sacrificial altar of Ru.
  3123 | D:5      | Entered Level 5 of the Dungeon
  3201 | D:5      | Reached XP level 6. HP: 51/56 MP: 5/5
  3236 | D:5      | Reached *** piety under Trog
  3448 | D:5      | Reached skill level 1 in Stealth
  3877 | D:5      | Reached skill level 8 in Axes
  4358 | D:6      | Found a shattered altar of Ashenzari.
  4360 | D:6      | Found a hide-covered altar of Uskayaw.
  4370 | D:6      | Reached XP level 7. HP: 50/61 MP: 6/6
  4376 | D:6      | Reached skill level 9 in Axes
  4699 | D:5      | Reached skill level 10 in Axes
  4925 | D:6      | Found a staircase to the Ecumenical Temple.
  4933 | D:6      | Found a shimmering altar of Xom.
  4971 | D:6      | Reached XP level 8. HP: 68/68 MP: 7/7
  5011 | D:6      | You fall through a shaft for 2 floors!
  5228 | D:7      | Noticed Duvessa
  5229 | D:7      | Noticed Dowan
  5254 | D:8      | Reached skill level 11 in Axes
  5346 | D:8      | Found an ancient bone altar of Kikubaaqudgha.
  5699 | D:8      | Reached skill level 12 in Axes
  5758 | D:8      | Reached **** piety under Trog
  5804 | D:8      | Reached XP level 9. HP: 34/79 MP: 8/8
  6229 | D:8      | Noticed Harold
  6247 | D:8      | Killed Harold
  6247 | D:8      | Reached skill level 13 in Axes
  6475 | D:8      | Noticed Psyche
  6492 | D:8      | Killed Psyche
  6933 | D:7      | Killed Duvessa
  6959 | D:7      | Killed Dowan
  6959 | D:7      | Received a gift from Trog
  7174 | D:7      | Reached XP level 10. HP: 81/88 MP: 9/9
  7181 | D:7      | Reached skill level 5 in Dodging
  7449 | D:7      | Found a huge runed gate.
  7450 | D:7      | Found a huge runed gate.
  7451 | D:7      | Found a huge runed gate.
  7451 | D:7      | Noticed a manticore
  7452 | D:7      | Found a huge runed gate.
  8130 | D:9      | Reached skill level 5 in Armour
  8175 | D:9      | Reached ***** piety under Trog
  8236 | D:9      | Found an iron altar of Okawaru.
  8850 | D:9      | Found a staircase to the Orcish Mines.
  8863 | D:9      | HP: 1/88 [troll (5)]
  8863 | D:9      | Slain by a gnoll sergeant

Skill      XL: |  1  2  3  4  5  6  7  8  9 10 |
---------------+-------------------------------+-----
Axes           | 4 5 6 7 8 10 12 13 | 13.8
Fighting       | 4 5 6 7 8 |  8.0
Stealth        | 1 2 |  2.9
Dodging        | 4 7 |  7.7
Armour         | 3 6 |  6.7

Action                   |  1- 3 |  4- 6 |  7- 9 | 10-12 || total
-------------------------+-------+-------+-------+-------++-------
Melee: Hand axe          |    89 |   138 |   217 |    20 ||   464
       Headbutt          |    12 |    25 |    53 |    19 ||   109
       Battleaxe         |       |       |       |    65 ||    65
 Fire: Blowgun           |       |       |     3 |       ||     3
Invok: Berserk           |       |     2 |     8 |     2 ||    12
Evoke: Wand              |       |       |     1 |       ||     1
  Use: Scroll            |       |     3 |       |     2 ||     5
       Potion            |       |       |     3 |       ||     3
 Stab: Distracted        |       |     1 |     1 |     1 ||     3
       Sleeping          |       |       |     1 |       ||     1
  Eat: Chunk             |     1 |     8 |    10 |     6 ||    25
       Ration            |       |     1 |     2 |       ||     3
Armor: Animal skin       |    17 |    12 |    17 |       ||    46
       Leather armour    |       |       |    21 |    14 ||    35
Dodge: Dodged            |    82 |    94 |   113 |    58 ||   347
